[Event "IX Famalicao Open 2022"]
[Site "Vila Nova de Famalicao"]
[Date "2022.07.26"]
[Round "4.1"]
[White "Umetsubo, Cesar Hidemitsu"]
[Black "Aditya Mittal"]
[Result "1/2-1/2"]
[ECO "B92"]
[WhiteElo "2405"]
[BlackElo "2480"]
[Annotator "TA"]
[PlyCount "73"]
[EventDate "2022.07.25"]
[EventType "tourn"]
[EventCountry "POR"]
[SourceTitle "playchess.com"]
[Source "ChessBase"]
[SourceQuality "1"]
[TimeControl "5400+30"]

1. e4 c5 2. Nf3 d6 3. d4 cxd4 4. Nxd4 Nf6 5. Nc3 a6 6. Be2 e5 7. Nb3 Be7 8. O-O O-O 9. Be3 Be6 10. a4 Nc6 11. Qd2 d5 {has lost popularity (11...Rc8). B92: Sicilian Najdorf: 6 Be2.} 12. exd5 Nxd5 13. Nxd5 Bxd5 {The position is equal.} 14. c4 ({Better is} 14. Rfd1 $11 Be4 15. Nc5 Qxd2 16. Rxd2 Bxc5 17. Bxc5) 14... Be6 {[#]} 15. Rfd1 $146 ({Predecessor:} 15. Qxd8 Rfxd8 16. Bb6 Rd7 17. Rad1 Kf8 18. Nc5 Bxc5 19. Bxc5+ Ke8 20. Rxd7 Bxd7 21. f4 {1-0 (38) Lausch,S-Araujo,M ICCF corr 1994}) 15... Qxd2 16. Rxd2 Rfd8 17. Rad1 Rxd2 18. Rxd2 Bb4 19. Rd1 Bf5 {And now ...Bc2 would win.} 20. Nc5 Nd4 21. Bxd4 exd4 {[#]} 22. Rxd4 $1 Bxc5 {This bishop pair is nice.} (22... Re8 23. Kf1) 23. Rd5 b6 24. Rxf5 $11 {[%cal Oa4a5][%mdl 4096] Endgame KRB-KRB} Rd8 25. Rd5 {Prevents Rd2.} Rxd5 26. cxd5 {KB-KB} a5 27. Kf1 Kf8 28. Bc4 Ke7 29. Ke2 Kd6 30. f4 f6 31. Kf3 Bb4 32. b3 h6 33. Kg4 Ke7 34. Kf5 Bd6 35. h4 Kf7 36. h5 {Against g6+} Ke7 37. g3 {Weighted Error Value: White=0.08 (flawless) /Black=0.06 (flawless)} 1/2-1/2

[Event "IX Famalicao Open 2022"]
[Site "Vila Nova de Famalicao"]
[Date "2022.07.26"]
[Round "4.2"]
[White "Dias, Paulo"]
[Black "Das, Sayantan"]
[Result "0-1"]
[ECO "E66"]
[WhiteElo "2348"]
[BlackElo "2449"]
[Annotator "TA"]
[PlyCount "88"]
[EventDate "2022.07.25"]
[EventType "tourn"]
[EventCountry "POR"]
[SourceTitle "playchess.com"]
[Source "ChessBase"]
[SourceQuality "1"]
[TimeControl "5400+30"]

1. d4 Nf6 2. c4 g6 3. Nf3 Bg7 4. g3 d6 5. Bg2 O-O 6. Nc3 c5 7. O-O Nc6 8. d5 Na5 9. Nd2 e6 10. e4 {[%emt 0:03:21] E66: King's Indian: Fianchetto: 6...c5 7 0-0 Nc6 8 d5.} exd5 11. exd5 Bf5 {[%emt 0:03:44] [#]} (11... Bg4 $5 12. Bf3 Bf5 $15) 12. Qa4 $146 {[%emt 0:11:22] Black is slightly better.} ({Predecessor:} 12. a3 Bd3 13. Re1 Nxc4 14. Qf3 Nxd2 15. Qxd3 Nb3 16. Rb1 Nxc1 17. Rbxc1 a6 18. Bh3 {0-1 (36) Nonkovic,N (1895)-Radovanovic,N (2157) Vrnjacka Banja 2013}) 12... Bd3 13. Re1 Re8 14. Nde4 $1 (14. Rxe8+ Qxe8 15. Qd1 (15. Qxa5 $2 Qe1+ 16. Nf1 Ng4 $19) 15... Nxc4 16. Nxc4 Bxc4 $17) 14... Nxe4 15. Nxe4 h6 {[%emt 0:03:47] Inhibits Bg5.} (15... Bxc4 $2 16. Bg5 Qb8 17. Qxa5 $18) (15... Nxc4 $11 16. Bg5 f6 17. Qxe8+ Qxe8 18. Nxf6+ Bxf6 19. Rxe8+ Rxe8 20. Bxf6 Kf7) 16. Re3 $14 Bxe4 (16... Bxc4 17. Bd2 $16) 17. Rxe4 Rxe4 18. Bxe4 Qe7 19. Bd3 Qe1+ 20. Kg2 b5 $1 21. cxb5 c4 $1 (21... Bd4 22. Qc2 $14) 22. Bf1 (22. Bxc4 $2 Qe4+ 23. f3 Qxc4 24. Qxc4 Nxc4 $19) 22... Rc8 (22... Bd4 $2 23. Be3 $1 Qxa1 24. Bxd4 $18) 23. Qc2 Qb4 24. Rb1 Qxb5 25. Qd1 Rc5 26. b4 {[%emt 0:05:03] Strongly threatening Be3.} Rc8 $2 (26... Rxd5 $11 27. Qc2 {[#]} Qb7 $1) 27. a4 $2 (27. Be3 $18 Nb7 28. Bxa7) 27... Qb7 $11 28. Bf4 {[%emt 0:01:16] [#]} (28. Bxh6 $11 c3 29. bxa5) 28... c3 $1 $15 {[%emt 0:01:30] And now ...c2 would win.} 29. Qf3 ({Don't blunder} 29. bxa5 $2 c2 30. Bb5 cxd1=N $19) (29. Qd3 Nc4) 29... c2 {[%emt 0:01:50] Black is more active.} (29... Nc4 $17 {Hoping for ...g5.} 30. b5 (30. Bxc4 Rxc4 31. Re1 c2 $17) 30... Rc5) 30. Rc1 $1 $11 Qxb4 31. Bd3 Qxa4 32. Qe2 Qd4 33. Bxc2 Qxd5+ 34. Be4 {[%emt 0:00:38] A strong pair of Bishops.} Qe6 {[%emt 0:00:09] aiming for ...Re8.} 35. Rxc8+ Qxc8 36. Bxd6 Nc4 $36 {[%emt 0:01:09][%mdl 2048] Black has good play.} 37. Bf4 Qe6 38. Qd3 Nb6 39. h4 h5 40. Bf3 Bf6 41. Qa6 (41. Be3 $11) 41... Nd5 $15 42. Bd6 ({White should play} 42. Qd6 $15 Nxf4+ 43. Qxf4) 42... Nb4 $1 $19 {[%emt 0:00:32] Black is clearly winning.} 43. Qxa7 Qxd6 44. Qa4 Nd3 {[%emt 0:00:18] Weighted Error Value: White=0.44/Black=0.19 (very precise)} 0-1

[Event "IX Famalicao Open 2022"]
[Site "Vila Nova de Famalicao"]
[Date "2022.07.26"]
[Round "4.3"]
[White "Abdisalimov, Abdimalik"]
[Black "Campora, Daniel H."]
[Result "1-0"]
[ECO "E80"]
[WhiteElo "2437"]
[BlackElo "2397"]
[Annotator "TA"]
[PlyCount "99"]
[EventDate "2022.07.25"]
[EventType "tourn"]
[EventCountry "POR"]
[SourceTitle "playchess.com"]
[Source "ChessBase"]
[SourceQuality "1"]
[TimeControl "5400+30"]

1. e4 d6 2. d4 Nf6 3. f3 g6 4. c4 Bg7 5. Nc3 c6 6. Nge2 a6 {[%emt 0:00:11] E80: King's Indian: Sämisch: Lines without early ...0-0.} 7. a4 {[%emt 0:09:34] Against b5} a5 8. Be3 Na6 {[%emt 0:00:10] [#] White has an edge.} 9. g3 $146 ({Predecessor:} 9. Qd2 e5 10. Rd1 Nd7 11. d5 Nb4 12. Nc1 O-O 13. dxc6 bxc6 14. c5 dxc5 15. Bxc5 {½-½ (54) Le,Q (2713)-Maze,S (2550) Caleta 2020}) 9... Nb4 10. Bg2 h5 11. O-O h4 12. g4 h3 13. Bh1 Qc7 14. Qd2 e5 15. Rad1 O-O 16. g5 Nh5 17. Ng3 Nxg3 (17... exd4 {looks sharper.} 18. Bxd4 Bxd4+ 19. Qxd4 Nxg3 20. hxg3 d5) 18. hxg3 d5 19. dxe5 Bxe5 ({Less strong is} 19... Qxe5 20. f4 Qe7 21. cxd5 cxd5 22. Bf3 $16 (22. Nxd5 Nxd5 23. Qxd5 Qe8 $16) (22. exd5 Re8 $16)) ({Black should try} 19... dxc4 $14 20. f4 Be6) 20. cxd5 $2 (20. f4 $16 {[%cal Rc4d5] is forced if you want to stay better.} d4 21. Bxd4 Bxd4+ 22. Qxd4) 20... Bxg3 $2 (20... Bxc3 $17 {stays on course.} 21. Qf2 Bg7) 21. d6 (21. f4 $1 $16) 21... Qd7 $14 {[%emt 0:00:35] Hoping for ...h2+.} 22. Rf2 f6 {[%emt 0:03:42] [#]} (22... f5 $11 {remains equal.}) 23. Bf4 $1 Bxf2+ 24. Qxf2 Qe6 25. Qg3 {[%emt 0:01:25] White is more active.} (25. gxf6 $16 {And now e5 would win.} Qxf6 26. Be3) 25... Bd7 (25... f5 $1 $11) 26. gxf6 $16 Rxf6 ({Reject} 26... Qxf6 27. Bg5 Qe6 28. e5 $11) 27. Bg5 {[%emt 0:00:19] Chess con chili.} Rf7 (27... h2+ $14 28. Kxh2 (28. Qxh2 Rf7 $11) 28... Rf7) 28. Kh2 $1 {[%emt 0:05:08][%mdl 1024] White has strong compensation. White stays focused until the end.} Na2 {[%emt 0:04:18] [#]} (28... Re8 $16) 29. Ne2 $1 $18 Qc4 (29... Nb4 {might work better.}) 30. Rd2 Nc1 {[%emt 0:06:19] [#]} (30... Qxa4 $2 31. Nf4 Rg7 32. Bf6 $18) 31. Nf4 Rxf4 (31... Qxa4 $2 32. Nxg6 Ne2 33. Qh4 $18) (31... Nb3 32. Rf2 Rxf4 33. Bxf4 Qe6) 32. Bxf4 Qf7 33. Be5 Nb3 34. Rd1 Re8 35. Rg1 Nd2 (35... c5 $142 36. f4 Rxe5) 36. Bc3 Nc4 37. b3 Ne3 38. Qxg6+ Qxg6 39. Rxg6+ Kf7 40. Rg1 Rg8 $2 (40... Ng2 {was worth a try.} 41. Bxg2 (41. Bxa5 Re6 $18) 41... hxg2 42. Rxg2 b5 43. Rg7+ Ke6 44. Rg6+ Kf7) 41. Rxg8 {[%emt 0:02:31] White is clearly winning.} Kxg8 {[%emt 0:00:03][%mdl 4096] Endgame KBB-KBN} 42. Kg3 Kf7 43. Bxa5 Ke6 44. Bb6 Nf1+ 45. Kxh3 Kxd6+ 46. Kh4 c5 47. f4 {[%emt 0:00:04] Threatens to win with e5+.} Nd2 48. e5+ Ke6 49. Bxb7 {[%emt 0:00:10] a5 is the strong threat.} Nxb3 50. a5 {[%emt 0:00:07] Weighted Error Value: White=0.33/Black=0.61} 1-0

[Event "IX Famalicao Open 2022"]
[Site "Vila Nova de Famalicao"]
[Date "2022.07.26"]
[Round "4.4"]
[White "Krishna C R G"]
[Black "Borges, Guilherme Deola"]
[Result "1-0"]
[ECO "E62"]
[WhiteElo "2430"]
[BlackElo "2185"]
[Annotator "TA"]
[PlyCount "55"]
[EventDate "2022.07.25"]
[EventType "tourn"]
[EventCountry "POR"]
[SourceTitle "playchess.com"]
[Source "ChessBase"]
[SourceQuality "1"]
[TimeControl "5400+30"]

1. Nf3 Nf6 2. c4 g6 3. g3 Bg7 4. Bg2 O-O 5. O-O d6 6. d4 c6 7. Nc3 Bf5 8. Ne1 Be6 {8...e5 is more fashionable.} 9. d5 {E62: King's Indian: Fianchetto: 6...c6 and Panno Variation (6...Nc6) without ...a6.} cxd5 10. cxd5 Bd7 11. Be3 {White has an edge.} Ng4 12. Bd4 Bxd4 13. Qxd4 Qb6 {[#]} 14. Qd2 $146 ({Predecessor:} 14. Qxb6 axb6 15. Nd3 Na6 16. Rfc1 Rfc8 17. Bh3 Nf6 18. Bxd7 Nxd7 19. Rab1 f5 20. f3 {½-½ (42) Georgiev,K (2671)-Nyzhnyk,I (2585) Plovdiv 2012}) 14... Na6 15. Nf3 Rfc8 (15... Nc5 $11) 16. h3 $16 Nf6 17. e4 Nc5 18. Rfe1 Na4 19. Nxa4 Bxa4 {[#]} 20. b3 $1 Bb5 21. e5 dxe5 22. Rxe5 Rd8 23. Rae1 e6 {[#]} (23... Rd7 $16) 24. Ng5 $1 $18 ({Not} 24. a4 Bc6 $11) 24... Nxd5 (24... Rd7 $142) 25. Bxd5 exd5 {[#]} (25... Rxd5 26. Rxd5 exd5) 26. Nxf7 $1 {[%mdl 512] White wants to mate with Re7. White is clearly winning.} Rf8 27. Nh6+ Kh8 28. Rxd5 {Weighted Error Value: White=0.03 (flawless) /Black=0.22 (precise)} 1-0

[Event "IX Famalicao Open 2022"]
[Site "Vila Nova de Famalicao"]
[Date "2022.07.26"]
[Round "4.5"]
[White "Goncalves, Samuel Jesus P"]
[Black "Akhvlediani, Irakli"]
[Result "0-1"]
[ECO "A58"]
[WhiteElo "1957"]
[BlackElo "2429"]
[Annotator "TA"]
[PlyCount "54"]
[EventDate "2022.07.25"]
[EventType "tourn"]
[EventCountry "POR"]
[SourceTitle "playchess.com"]
[Source "ChessBase"]
[SourceQuality "1"]
[TimeControl "5400+30"]

1. d4 Nf6 2. c4 c5 3. d5 b5 4. cxb5 a6 5. bxa6 g6 6. g3 Bg7 7. Bg2 d6 8. Nc3 O-O 9. Nf3 Bxa6 10. Rb1 Nbd7 11. O-O Nb6 12. Re1 {[%emt 0:01:11] A58: Benko/Volga Gambit: Lines with 5 bxa6.} (12. b3 $16) 12... Bc4 $11 13. e4 Bxa2 14. Nxa2 {[%emt 0:02:05] The position is equal.} Rxa2 15. Bf1 Qc7 {[%emt 0:07:58] [#]} 16. b4 $146 ({Predecessor:} 16. b3 Ng4 17. Re2 Rfa8 18. Bb2 Nd7 19. Bxg7 Kxg7 20. h3 Nge5 21. Nxe5 Nxe5 22. Kg2 {0-1 (47) Cazzaniga,W (2104)-Schacher,G (2258) Arco 2005}) 16... c4 17. Be3 $2 (17. Rb2 $11 {and White stays safe.} Rxb2 18. Bxb2) 17... Nxe4 $19 {[%emt 0:07:56] Threatens to win with ...Nc3.} 18. Bxb6 Qxb6 19. Rxe4 Qxf2+ 20. Kh1 Rc8 {[%emt 0:02:01][%mdl 1024] Strongly threatening ...c3. Black has strong compensation.} (20... Ra3 21. Ng1 $16 (21. Rf4 Bh6 $11)) 21. Be2 (21. Rxe7 $2 c3 22. Rc1 Bh6 $19) 21... c3 $1 $40 {[%emt 0:02:55][%mdl 128] ( -> ...c2). Black is out for blood.} 22. Rc1 c2 23. Qe1 Qa7 ({Weaker is} 23... Qxe1+ 24. Nxe1 Ra1 25. Rxa1 (25. Nd3 Rb1 $17) 25... Bxa1 26. Nxc2 Rxc2 27. Rxe7 $15) 24. Rc4 {[%emt 0:07:41] [#]} Rxc4 25. Bxc4 Ra1 (25... Qa3 $19 26. Nd2 (26. Bxa2 {is a self mate.} Qxf3+ 27. Kg1 Bd4+) 26... Bb2 27. Rxc2 Ra1) 26. Bd3 $2 {[%emt 0:04:13][%mdl 8192] [#]} (26. Nd2 $17) 26... Qa3 $1 27. Rxa1 Bxa1 {[%emt 0:00:09] Weighted Error Value: White=1.00/Black=0.06 (flawless)} 0-1

[Event "IX Famalicao Open 2022"]
[Site "Vila Nova de Famalicao"]
[Date "2022.07.26"]
[Round "4.6"]
[White "Martinez Duany, Lelys Stanley"]
[Black "Marques, Ricardo Taborda Trig"]
[Result "1-0"]
[ECO "B13"]
[WhiteElo "2497"]
[BlackElo "1991"]
[Annotator "TA"]
[PlyCount "88"]
[EventDate "2022.07.25"]
[EventType "tourn"]
[EventCountry "POR"]
[SourceTitle "playchess.com"]
[Source "ChessBase"]
[SourceQuality "1"]
[TimeControl "5400+30"]

1. e4 c6 2. d4 d5 3. exd5 cxd5 4. Bd3 Nc6 5. c3 Nf6 6. Bf4 g6 7. h3 Bg7 8. Nf3 {8.Nd2 is not played anymore.} O-O 9. Nbd2 Bf5 {B13: Caro-Kann: Exchange Variation and Panov-Botvinnik Attack.} (9... Nh5 $11 {should be considered.} 10. Bh2 Bh6) 10. Bxf5 $14 gxf5 11. g4 Qd7 {White is slightly better.} 12. Ne5 Nxe5 13. Bxe5 Ne4 14. Bxg7 Kxg7 15. gxf5 (15. Qf3 $16) 15... Qxf5 {[%csl Ge4][%cal Rf5f2] [#]} 16. Qg4+ Qxg4 17. hxg4 {[#]} f5 $146 ({Predecessor:} 17... Nxd2 18. Kxd2 f5 19. Rae1 Rae8 20. g5 e5 21. Rxe5 Rxe5 22. dxe5 f4 23. Kd3 Rf5 {1-0 (32) Kaynar,M (1555)-Ilbay,H (1437) Antalya 2020}) 18. Rg1 Kh8 19. g5 Rg8 20. f4 Rg6 (20... h6 $11 {keeps the balance.}) 21. Nf3 Rb6 (21... Re6 $14) 22. O-O-O $16 a5 23. Ne5 Kg7 24. Rd3 Rh8 25. Rh3 Rd6 (25... a4 $16 {keeps fighting.} 26. a3 Re6) 26. a4 $18 Re6 27. Rg2 Nd6 28. Rgh2 Nc4 29. Rh6 Rxh6 30. Rxh6 $16 {[%mdl 4096] Endgame And now Nxc4 would win. KRN-KRN} Nd6 (30... Nxe5 $16 31. fxe5 (31. dxe5 Rc8 $11) 31... Rb8) 31. Kc2 $18 Rc8 (31... Rd8 {was called for.} 32. Re6 Nc8) 32. Kd3 Rc7 33. b3 b6 34. c4 dxc4+ 35. bxc4 ({But not} 35. Nxc4 Rb7 36. Nxd6 exd6) 35... Kg8 36. Rh2 Kg7 37. Rb2 Nc8 (37... Rb7 38. Rh2 Ne4) 38. Rb5 e6 (38... h6 $142 39. gxh6+ Kxh6) 39. c5 bxc5 40. Rxc5 Rxc5 41. dxc5 Ne7 42. c6 {[#] White wants to mate with c7.} Kf8 43. c7 Nc8 44. Kd4 Ke7 {Weighted Error Value: White=0.13 (very precise) /Black=0.54} 1-0

[Event "IX Famalicao Open 2022"]
[Site "Vila Nova de Famalicao"]
[Date "2022.07.26"]
[Round "4.7"]
[White "Ribeiro, Rodrigo"]
[Black "Spraggett, Kevin"]
[Result "0-1"]
[ECO "A53"]
[WhiteElo "1903"]
[BlackElo "2487"]
[Annotator "TA"]
[PlyCount "43"]
[EventDate "2022.07.25"]
[EventType "tourn"]
[EventCountry "POR"]
[SourceTitle "playchess.com"]
[Source "ChessBase"]
[SourceQuality "1"]
[TimeControl "5400+30"]

1. d4 Nf6 2. c4 d6 3. Nc3 Nbd7 4. e4 e5 5. d5 g6 6. Bd3 Bg7 7. Nge2 O-O 8. O-O Nh5 9. Rb1 {E70: King's Indian: Miscellaneous lines with 4 e4, including 5 Nge2 and 5 Bd3 0-0 6 Nge2.} f5 {[#]} 10. f4 $146 {[#]} (10. exf5 $14 gxf5 11. Bc2) ({Predecessor:} 10. exf5 gxf5 11. Ng3 Nxg3 12. fxg3 e4 13. Bc2 a5 14. Be3 Ne5 15. c5 Nc4 16. Bf4 dxc5 {0-1 (35) Cardin,G-Luo,Z (1991) Montreal 2012}) 10... exf4 11. exf5 ({White should try} 11. Nxf4 $15 Nxf4 12. Bxf4) 11... Ne5 $17 12. fxg6 (12. Bc2 $17) 12... Nxd3 $2 (12... hxg6 $19 {...f3 is the strong threat.} 13. Nd4 c5 14. dxc6 Qb6) 13. gxh7+ $11 Kh8 {[#] Threatens to win with ...Bf5.} 14. Qxd3 Bf5 15. Qf3 Bxb1 {Chess con chili. A strong pair of Bishops.} 16. Qxh5 Qc8 $2 17. Qf3 $2 ({White has to play} 17. Nxb1 $18 Qf5 18. Qxf5 Rxf5 19. Nd2) 17... Bxh7 18. Bxf4 (18. Nb5 $11) 18... a6 $15 19. g4 {Prevents Qf5.} (19. Ne4 $11) 19... b5 $17 {Black is better.} 20. cxb5 axb5 21. a3 Rb8 {[%mdl 1024] Black has strong compensation.} 22. Nc1 {Weighted Error Value: White=0.85/Black=0.69} (22. h3 $17) 0-1

[Event "IX Famalicao Open 2022"]
[Site "Vila Nova de Famalicao"]
[Date "2022.07.26"]
[Round "4.8"]
[White "Rodriguez Lopez, Rafael"]
[Black "Andrade, Ricardo Sarmento"]
[Result "1/2-1/2"]
[ECO "C07"]
[WhiteElo "2172"]
[BlackElo "1862"]
[Annotator "TA"]
[PlyCount "81"]
[EventDate "2022.07.25"]
[EventType "tourn"]
[EventCountry "POR"]
[SourceTitle "playchess.com"]
[Source "ChessBase"]
[SourceQuality "1"]
[TimeControl "5400+30"]

1. e4 e6 2. d4 d5 3. Nd2 c5 4. Ngf3 cxd4 5. Nxd4 Nc6 6. Bb5 Bd7 7. Nxc6 bxc6 8. Bd3 Bd6 {C07: French Tarrasch: 3...c5, 4 Ngf3 and 4 exd5 Qxd5.} 9. Nf3 Qb8 10. Qe2 Bf4 {[#]} (10... Ne7 $11) 11. Bxf4 $146 ({Predecessor:} 11. O-O Ne7 12. c4 O-O 13. e5 Bxc1 14. Raxc1 h6 15. h4 c5 16. cxd5 exd5 17. Rxc5 {1-0 (32) Hunt,H (2440)-Rogers,J (2340) England 2018}) 11... Qxf4 12. O-O Ne7 (12... Rb8 $14) 13. exd5 $1 $16 cxd5 {[#]} 14. Ne5 $1 Bc6 {[#]} (14... Ng6 $16 15. Nxd7 Kxd7) 15. Bb5 $2 (15. g3 $1 $18 Qb4 16. c3) 15... Rc8 $1 $11 (15... Bxb5 16. Qxb5+ Kf8 17. Rae1 $16) 16. Bxc6+ Nxc6 17. Qa6 Rc7 18. Nxc6 Qd6 19. Nb8 Qb4 20. c4 dxc4 21. Rad1 {Black must now prevent Nc6.} Qxb8 22. Qa4+ Ke7 (22... Kf8 $11) 23. Qa3+ $14 (23. Qa6 Qb4 24. a3 Qb6 25. Qxb6 axb6 $17) 23... Ke8 (23... Kf6 $14 {might be stronger.}) 24. Rd6 $36 {[%mdl 2048] White is on the roll.} Rd7 (24... Qc8 $16) 25. Rxd7 Kxd7 $18 {[%mdl 4096] Endgame KQR-KQR} 26. Rd1+ Kc8 27. Qf3 Qb7 28. Qg4 {White is more active.} Kb8 $2 {A mistake that costs the game.} ({Weaker is} 28... Qxb2 29. Qxc4+ Kb8 30. Qf4+ (30. Rc1 Ka8 $11) 30... Ka8 31. Qxf7 $16) ({Better is} 28... Rd8 $14) 29. Qxg7 Rc8 30. h4 ({Much less strong is} 30. Qxh7 $6 f5 31. Qxb7+ Kxb7 $16) 30... h5 31. Qe5+ Ka8 32. Rd2 c3 33. bxc3 Qb1+ 34. Kh2 Qb8 35. Qxb8+ Kxb8 {KR-KR. White is clearly better.} 36. Rd3 Kc7 37. Rd4 {And now Rc4+ would win.} Rg8 38. f3 f5 39. g4 fxg4 40. fxg4 hxg4 (40... Rxg4 $2 41. Rxg4 hxg4 42. h5 $18) (40... e5 $18 41. Ra4 (41. Rc4+ Kd6 $16) 41... hxg4) 41. Kg3 {Weighted Error Value: White=0.17 (very precise) /Black=0.26 (precise)} 1/2-1/2

[Event "IX Famalicao Open 2022"]
[Site "Vila Nova de Famalicao"]
[Date "2022.07.26"]
[Round "4.9"]
[White "Petkov, Vladimir"]
[Black "Afonso, Joao Pedro"]
[Result "1-0"]
[ECO "A06"]
[WhiteElo "2470"]
[BlackElo "1653"]
[Annotator "TA"]
[PlyCount "47"]
[EventDate "2022.07.25"]
[EventType "tourn"]
[EventCountry "POR"]
[SourceTitle "playchess.com"]
[Source "ChessBase"]
[SourceQuality "1"]
[TimeControl "5400+30"]

1. Nf3 d5 2. g3 Nc6 3. d4 Bg4 4. Bg2 Qd7 5. c3 Bh3 6. Bxh3 {[%emt 0:00:28] D02: 1 d4 d5 2 Nf3 sidelines, including 2...Nf6 3 g3 and 2...Nf6 3 Bf4.} Qxh3 7. Qa4 {[%emt 0:00:06] [#]} O-O-O $146 {[%emt 0:01:57] [#]} (7... e6 $11 {and Black is okay.}) ({Predecessor:} 7... Qd7 8. c4 Nf6 9. cxd5 Nxd5 10. O-O Nb6 11. Qc2 g6 12. Rd1 Bg7 13. Nc3 O-O {½-½ (41) Kortschnoj,V (2600)-Murey,J (2500) Meudon 1983}) 8. b4 $1 $18 {[%emt 0:00:14][%cal Bb2b4,Bb4b5][%mdl 32] White is clearly better.} a6 9. b5 Nb8 (9... axb5 $16 10. Qa8+ Kd7 11. Qxb7 e6) 10. Na3 Qd7 (10... f6 $142 11. Rb1 Qe6) 11. Ne5 Qe8 12. Rb1 {[%emt 0:00:52][%cal Ob5a6] [#] And now bxa6! would win.} Rd6 13. c4 {[%emt 0:15:08][%cal Bc3c4,Bc4c5][%mdl 32] Black must now prevent c5.} f6 14. Nd3 e5 15. c5 Re6 16. Qb3 a5 17. Qxd5 exd4 18. O-O Qd7 19. Qf3 {[%emt 0:01:49] Hoping for Nc4.} Ne7 20. c6 Nexc6 (20... bxc6 $142 21. Nc5 Qd6) 21. bxc6 Nxc6 22. Nc4 {[%emt 0:02:27] White is clearly winning.} g5 23. Bd2 a4 24. Rfc1 {[%emt 0:00:11] Weighted Error Value: White=0.08 (flawless) /Black=0.50} 1-0

[Event "IX Famalicao Open 2022"]
[Site "Vila Nova de Famalicao"]
[Date "2022.07.26"]
[Round "4.10"]
[White "Jibuti, Nata"]
[Black "Nigmatov, Ortik"]
[Result "0-1"]
[ECO "A48"]
[WhiteElo "1639"]
[BlackElo "2437"]
[Annotator "TA"]
[PlyCount "77"]
[EventDate "2022.07.25"]
[EventType "tourn"]
[EventCountry "POR"]
[SourceTitle "playchess.com"]
[Source "ChessBase"]
[SourceQuality "1"]
[TimeControl "5400+30"]

1. d4 Nf6 2. Nf3 g6 3. Bf4 Bg7 4. Nbd2 O-O 5. e4 d6 6. Be2 {[%emt 0:00:17] A48: 1 d4 Nf6 2 Nf3 g6: Torre, London and Colle Systems.} Nc6 7. c3 h6 8. h3 {[%emt 0:00:59] [#] White has an edge.} Nh5 $146 (8... e5 $5 9. dxe5 Nh5 $11) ({Predecessor:} 8... e5 9. dxe5 Nh5 10. Be3 dxe5 11. g3 Qe7 12. Qc2 Kh7 13. Nh4 Nf4 14. gxf4 exf4 15. Bxf4 Qxh4 16. Bxc7 {½-½ (51) Pedersen,F (2247)-Wantiez,F (2320) Amsterdam 2015}) 9. Bh2 e5 $1 10. dxe5 dxe5 11. O-O Nf4 12. Bc4 Qf6 13. a4 Rd8 14. Qc2 g5 15. Rfe1 Ne7 16. Bxf4 Qxf4 17. Nf1 {[%emt 0:12:12] [#]} ({White should try} 17. Rad1 $14) 17... Bxh3 $1 $11 18. gxh3 {[%emt 0:01:14] Hoping for N3h2.} (18. N3h2 Bd7) 18... Qxf3 19. Re3 Qf6 20. Nh2 ({White should play} 20. Ng3 $15) 20... Ng6 $1 $17 21. Rf3 (21. Ng4 $17 {might work better.} Qc6 22. Qb3) 21... Nf4 $19 22. Ng4 Qc6 (22... Qg6 $1 $19 23. Rg3 Rd7) 23. Ne3 $17 Qg6 24. Kh2 Rd7 25. Nf5 Rad8 {[%emt 0:01:23] White must now prevent ...Qh5.} 26. Rd1 Bf8 {[%emt 0:00:14] Against Ne7+} ({Worse is} 26... Rxd1 27. Ne7+ Kh7 28. Nxg6 fxg6 29. Bd5 $15) 27. Rxd7 Rxd7 28. Rg3 Qh5 29. Ne3 c6 30. Ng4 Bg7 {[%emt 0:00:33][%cal Bf8g7,Bg7f6,Bf6d8,Bd8b6,Bb6a7][%mdl 32] Against Nf6+} 31. Ne3 Bf6 {[%emt 0:06:30] Black is more active.} 32. b4 Bd8 33. Ng4 {[%emt 0:00:59] [#]} Kg7 $1 {[%emt 0:10:58][%cal Of4h3] Threatens to win with ...Nxh3!} 34. Ne3 a5 35. b5 (35. Bf1 $17) 35... Bb6 $19 36. Nf5+ {[%emt 0:00:36] [#]} Kh7 $1 37. bxc6 bxc6 38. Qb2 $2 (38. Ne3 {was the only chance.}) 38... Ba7 {[%emt 0:00:09] ...Qd1 is the strong threat.} 39. Qc2 {[%emt 0:00:59] Weighted Error Value: White=0.19 (very precise) /Black=0.08 (flawless)} 0-1